 Dungeon Crawl Stone Soup version 0.21.1-1-g345015fe64 (webtiles) character file.

135 Greboboi the Caller (level 4, 0/18 HPs)
             Began as a Felid Summoner on June 14, 2018.
             Slain by a worker ant (5 damage)
             ... on level 4 of the Dungeon.
             The game lasted 00:17:20 (3768 turns).

Greboboi the Caller (Felid Summoner)                Turns: 3768, Time: 00:17:20

Health: 0/18       AC:  1    Str:  4    XL:     4   Next: 96%
Magic:  10/10      EV: 19    Int: 17    God:
Gold:   193        SH:  0    Dex: 17    Spells: 4/10 levels left
                                        Lives:  0   Deaths: 1

rFire    . . .     SeeInvis +   (weapon unavailable)
rCold    . . .     Gourm    .   (shield unavailable)
rNeg     . . .     Faith    .   (armour unavailable)
rPois    .         Spirit   .   (helmet unavailable)
rElec    .         Reflect  .   (cloak unavailable)
rCorr    +         Harm     .   (gloves unavailable)
MR       .....                  (boots unavailable)
Stlth    +++.......             h - amulet of magic regeneration
HPRegen  0.06/turn              f - ring of resist corrosion
MPRegen  0.37/turn              (no ring)

@: lethally poisoned (0 -> -10), quick
A: very small, no armour, no weapons or thrown items, stealth, claws 1, fangs 3,
see invisible, carnivore, speed 1, shaggy fur 1, slow metabolism 1, sharp paws
a: no special abilities


You were on level 4 of the Dungeon.
You were completely stuffed.

You visited 1 branch of the dungeon, and saw 4 of its levels.

You collected 193 gold pieces.

Inventory:

Jewellery
 f - a ring of resist corrosion (left paw)
 h - an amulet of magic regeneration (around neck)
Wands
 e - a wand of random effects (21)
Scrolls
 c - 2 scrolls of enchant armour {unknown}
 l - a scroll of blinking {unknown}
 m - a scroll of fog {unknown}
 n - a scroll of identify
 p - a scroll of immolation {unknown}
 q - a scroll of enchant weapon {unknown}
Potions
 d - a potion of experience {unknown}
 g - a potion of brilliance {unknown}
 i - a potion of agility {unknown}
 j - 2 potions of flight {unknown}
 k - a potion of berserk rage {unknown}
 o - a potion of curing {unknown}
Books
 a - a book of Callings

   Spells                             Type                      Level
   a - Summon Small Mammal            Summoning                    1
   b - Call Imp                       Summoning                    2
   c - Call Canine Familiar           Summoning                    3
   d - Summon Guardian Golem          Hexes/Summoning              3
   e - Summon Lightning Spire         Summoning/Air                4
   f - Summon Ice Beast               Ice/Summoning                4
Comestibles
 b - 3 rations


   Skills:
 * Level 3.7 Dodging
 * Level 3.7 Stealth
 + Level 3.5 Spellcasting
 + Level 0.1 Hexes
 * Level 5.4 Summonings


You had 4 spell levels left.
You knew the following spells:

 Your Spells              Type           Power        Failure   Level  Hunger
a - Summon Small Mammal   Summ           ###.         1%          1    None
b - Call Imp              Summ           ###.....     2%          2    ##.....
c - Summon Guardian Gole  Hex/Summ       ##......     16%         3    ###....


Dungeon Overview and Level Annotations

Branches:
Dungeon (4/15)
 Temple: D:4-7

Altars:


Innate Abilities, Weirdness & Mutations

You cannot wear armour.
You are incapable of wielding weapons or throwing items.
Your paws allow you to move quietly. (Stealth)
You have sharp claws.
You have razor-sharp teeth.
You have supernaturally acute eyesight. (SInv)
You are carnivorous and can eat meat at any time.
You cover ground quickly.
You are covered in fur. (AC +1)
You have a slow metabolism.
Your sharp claws are effective at attacking unaware monsters.


Message History

The worker ant bites you.
Your white imp gestures at the worker ant.
The puff of frost hits the worker ant.
You scratch the worker ant.
You bite the worker ant, but do no damage.
The worker ant is severely wounded.
Your crimson imp blinks!
The worker ant bites you.
You are lethally poisoned!
The worker ant poisons you!
Your white imp gestures at the worker ant.
The puff of frost misses the worker ant.
The puff of frost hits your iron imp.
Your iron imp resists.
Your iron imp hits the worker ant.
You scratch the worker ant but do no damage.
The worker ant is almost dead.
* * * LOW HITPOINT WARNING * * *
You feel sick. The worker ant bites you.
You die...

. #+# #### .. +...#5.# ...
#...5a@# .... ###
#.###5##..... .....
########)#.....# ......
#....'...'.....#
.......#....#...#.....#
.......#'########.....#######
........5..# #.........#
##.......5.# #.........#
.#.........# #.........#


You could see a worker ant, a friendly iron imp, a friendly crimson imp and a
friendly white imp.

Vanquished Creatures
  A dart slug (D:1)
  A leopard gecko (D:3)
  A giant cockroach (D:1)
  A bat (D:3)
4 creatures vanquished.

Vanquished Creatures (collateral kills)
  A sky beast (D:3)
  An ogre (D:4)
  A hound (D:3)
  An orc wizard (D:4)
  A worker ant (D:4)
  3 gnolls (D:2)
  4 adders
  A worm (D:1)
  2 dart slugs
  A leopard gecko (D:3)
  6 orcs
  4 giant cockroaches
  7 goblins
  5 hobgoblins
  3 quokkas
  7 bats
  4 frilled lizards
  9 kobolds
  5 rats
66 creatures vanquished.

Grand Total: 70 creatures vanquished

Notes
Turn   | Place    | Note
-------+----------+-------------------------------------------
     0 | D:1      | Greboboi the Felid Summoner began the quest for the Orb.
     0 | D:1      | Reached XP level 1. HP: 7/7 MP: 4/4
   571 | D:1      | Reached XP level 2. HP: 11/11 MP: 0/6
   718 | D:1      | Learned a level 2 spell: Call Imp
  1445 | D:2      | Reached XP level 3. HP: 14/14 MP: 2/7
  2415 | D:3      | Noticed a sky beast
  2450 | D:3      | Killed a sky beast
  2450 | D:3      | Reached XP level 4. HP: 6/18 MP: 2/9
  2691 | D:3      | Learned a level 3 spell: Summon Guardian Golem
  2804 | D:3      | Reached skill level 5 in Summonings
  3374 | D:4      | Reached XP level 5. HP: 21/21 MP: 1/10
  3582 | D:4      | Killed from afar by an orc wizard
  3583 | D:4      | Reached XP level 4. HP: -4/18 MP: 9/9
  3734 | D:4      | Noticed an ogre
  3746 | D:4      | Killed an ogre
  3768 | D:4      | Slain by a worker ant

Skill      XL: |  1  2  3  4 |
---------------+-------------+-----
Dodging        | 3 |  3.7
Stealth        | 3 |  3.7
Spellcasting   | 3 |  3.5
Summonings     | 5 |  5.4
Hexes          | |  0.1

Action                   |  1- 3 |  4- 6 || total
-------------------------+-------+-------++-------
Melee: Unarmed           |    15 |    16 ||    31
       Bite              |     1 |     2 ||     3
 Cast: Summon Small Mamm |    37 |     3 ||    40
       Call Imp          |    69 |    56 ||   125
       Summon Guardian G |       |     5 ||     5
  Use: Scroll            |     2 |       ||     2
 Stab: Sleeping          |     1 |     1 ||     2
  Eat: Chunk             |    14 |    10 ||    24
Armor: Skin              |     3 |       ||     3
Dodge: Dodged            |    32 |    34 ||    66
